 Dungeon Crawl Stone Soup version 0.30.0-29-ga12c61a403 (webtiles) character file.

Game seed: 1845783937733264447

41 qw the Shield-Bearer (level 3, 0/23 HPs)
             Began as a Gargoyle Fighter on June 3, 2023.
             Slain by a gnoll
             ... wielding a +0 spear
              (3 damage)
             ... on level 2 of the Dungeon.
             The game lasted 00:00:25 (602 turns).

qw the Shield-Bearer (Gargoyle Fighter)              Turns: 602, Time: 00:00:25

Health: 0/23       AC: 10    Str: 21    XL:     3   Next: 52%
Magic:  3/3        EV:  9    Int:  8    God:
Gold:   49         SH:  4    Dex:  9    Spells: 2/2 levels left

rFire   . . .        Y - +0 war axe
rCold   . . .        c - +0 buckler
rNeg    + + .        b - +0 scale mail
rPois   inf          (no helmet)
rElec   +            (no cloak)
rCorr   .            (no gloves)
SInv    .            (no boots)
Will    .....        (no amulet) Stlth
                     g - ring of positive energy
HPRegen 0.23/turn    (no ring)
MPRegen 0.08/turn

%: no passive effects
@: no status effects
A: sickness immunity, AC +3, negative energy resistance 1, electricity
resistance, torment resistance 1, petrification resistance
a: no special abilities


You were on level 2 of the Dungeon.
You visited 1 branch of the dungeon, and saw 2 of its levels.

You collected 49 gold pieces.


Innate Abilities, Weirdness & Mutations

You are immune to sickness and miasma.
Your stone body is resilient. (AC +3)
You are immune to poison.
You resist negative energy. (rN+)
You are resistant to electric shocks. (rElec)
You are resistant to unholy torment.
You are immune to petrification.


   Skills:
 - Level 3.2 Fighting
 + Level 3.2 Axes
 - Level 1.0 Throwing
 - Level 3.2 Armour
 - Level 3.2 Shields


You had 2 spell levels left.
You didn't know any spells.
Your spell library was empty.

Inventory:

Hand Weapons
 f - a +0 whip
 Y - a +0 war axe (weapon)
Missiles
 e - a javelin (quivered)
Armour
 b - a +0 scale mail (worn)
 c - a +0 buckler (worn)
Jewellery
 g - a ring of positive energy (left hand)
Potions
 d - 2 potions of might
 i - a potion of cancellation
 j - a potion of haste {unknown}

Dungeon Overview and Level Annotations

Branches:
Dungeon (2/15)

Altars:


Message History

555 ||| STAIRDANCE The ball python hisses angrily.
The gnoll hits you but does no damage.
You climb upwards.
There is a stone staircase leading down here.
You slash the gnoll!
The gnoll is almost dead.
The gnoll hits you with a +0 halberd.
You slash the gnoll!
You kill the gnoll!
You start resting.
HP restored.
Done exploring.
(D) Dungeon
Where to? (* - list waypoints, Enter - D:2, ? - help)
What level of the Dungeon? (default 1, ? - help)
You climb downwards.
The ball python bites you but does no damage.
The ball python grabs you. The ball python constricts you.
The rat barely misses you. The endoplasm freezes you.
You are frozen.
The gnoll hits you but does no damage. The gnoll barely misses you.
The ball python barely misses you. The ball python constricts you.
There is a stone staircase leading up here.
You slash the ball python!
You kill the ball python!
You slash the endoplasm!
You kill the endoplasm!
You slash the rat!
You kill the rat!
You hit the gnoll. The gnoll hits you with a +0 whip!
The gnoll closely misses you.
The gnoll hits you from afar with a +0 spear.
The gnoll closely misses you.
Your Throwing skill increases to level 1!
602 ||| STAIRDANCE The gnoll hits you with a +0 whip!
The gnoll hits you from afar with a +0 spear.
You die... ..# #.......... ..... ......... ###..... ....((.. ##....... ....... #..........## #.r... ............ gS..

.%..#...... ##S#
)...#......####.@#
....#.#..#.....g.#
....#.#.###.#....#
....#.#.###...##......#
....#.........##.##....#
......)#..........# ...#
..%.#.........###.......
#..###........# #... .#
#.####.######.# .. #


You could see 2 gnolls, an adder, a quokka and a ball python.

Vanquished Creatures
  A gnoll (D:1)
  A worm (D:2)
  3 ball pythons
  3 bats (D:1)
  2 endoplasms
  A giant cockroach (D:1)
  3 goblins
  3 hobgoblins
  4 kobolds
  2 quokkas (D:1)
  2 frilled lizards
  4 rats
29 creatures vanquished.

Notes
Turn   | Place    | Note
-------+----------+-------------------------------------------
     0 | D:1      | qw the Gargoyle Fighter began the quest for the Orb.
     0 | D:1      | Reached XP level 1. HP: 14/14 MP: 1/1
     0 | D:1      | 0 ||| qw: Version: 0.2-a-103-g3a7daa1
     0 | D:1      | 0 ||| qw: Game counter: 968
     0 | D:1      | 0 ||| qw: Always use a shield: true
     0 | D:1      | 0 ||| qw: God list: Okawaru
     0 | D:1      | 0 ||| qw: Allow faded altars: false
     0 | D:1      | 0 ||| qw: Do Orc after D:15 true
     0 | D:1      | 0 ||| qw: Do second Lair branch before Depths: true
     0 | D:1      | 0 ||| qw: Lair rune preference: random
     0 | D:1      | 0 ||| qw: Plans: Normal, Zot:1-4, Slime:5, God:TSO, Crypt,
                  | Tomb, Pan, Hells, Abyss, Win
     0 | D:1      | 0 ||| PLANNING D:1-11
    10 | D:1      | 10 ||| Stepping ~*~*~tactically~*~*~ (stealth).
    36 | D:1      | 36 ||| DROPPING +0 club.
   135 | D:1      | Reached XP level 2. HP: 19/19 MP: 2/2
   210 | D:1      | 210 ||| Stepping ~*~*~tactically~*~*~ (stealth).
   211 | D:1      | 211 ||| Stepping ~*~*~tactically~*~*~ (stealth).
   218 | D:1      | 218 ||| Stepping ~*~*~tactically~*~*~ (stealth).
   432 | D:1      | 432 ||| UPGRADING to ring of positive energy.
   433 | D:1      | 433 ||| READING scroll labelled LIROUXO PYFOKON.
   434 | D:1      | 434 ||| DRINKING 2 murky black potions.
   497 | D:2      | Reached skill level 3 in Axes
   521 | D:2      | 521 ||| Stepping ~*~*~tactically~*~*~ (stealth).
   531 | D:2      | Reached XP level 3. HP: 23/23 MP: 3/3
   550 | D:2      | 550 ||| Stepping ~*~*~tactically~*~*~ (hiding).
   551 | D:2      | 551 ||| Stepping ~*~*~tactically~*~*~ (hiding).
   555 | D:2      | 555 ||| STAIRDANCE
   602 | D:2      | Reached skill level 1 in Throwing
   602 | D:2      | 602 ||| STAIRDANCE
   602 | D:2      | HP: 3/23 [gnoll/+0 whip (7)]
   602 | D:2      | Slain by a gnoll

Levels and vault maps discovered:
D:1:      sevenhm_arrival_forest_fort_small_3, layout_rooms
D:2:      layout_rooms

Skill      XL: |  1  2  3 |
---------------+----------+-----
Axes           | 2 3 |  3.2
Throwing       | 1 |  1.0
Fighting       | |  3.2
Armour         | |  3.2
Shields        | |  3.2

Action                     || total
---------------------------++-------
  Melee: War axe           ||    46
  Throw: Javelin           ||    21
    Use: Scroll            ||     1
         Potion            ||     1
 Armour: Scale mail        ||    24
  Dodge: Dodged            ||    28
  Block: Buckler           ||     6

Table legend:
 A = Non-vault XP
 B = Vault XP
 C = Vault XP percentage of total XP
 D = Non-vault monster count
 E = Vault monster count
 F = Vault count percentage of total count
                 A         B        C        D         E       F
            +---------+---------+-------+---------+---------+-------
      Total |      59 |       0 |   0.0 |      29 |       0 |   0.0
            +---------+---------+-------+---------+---------+-------
        D:1 |      41 |       0 |   0.0 |      18 |       0 |   0.0
        D:2 |      18 |       0 |   0.0 |      11 |       0 |   0.0
            +---------+---------+-------+---------+---------+-------
